 Dungeon Crawl Stone Soup version 0.28.0-43-g3370ac3207 (webtiles) character file.

Game seed: 8519555696823033795

730 sanboga the Covered (level 7, -1/44 HPs)
             Began as a Gargoyle Fighter on Mar 24, 2022.
             Slain by an iguana (7 damage)
             ... on level 5 of the Dungeon.
             The game lasted 00:04:47 (3903 turns).

sanboga the Covered (Gargoyle Fighter)              Turns: 3903, Time: 00:04:47

Health: -1/44      AC: 17    Str: 21    XL:     7   Next: 73%
Magic:  7/7        EV:  7    Int:  9    God:
Gold:   69         SH:  9    Dex:  9    Spells: 6/6 levels left

rFire   . . .      SeeInvis .   a - +0 war axe
rCold   . . .      Faith    .   c - +0 buckler
rNeg    + . .      Spirit   .   t - +0 chain mail
rPois   ∞          Reflect  +   k - +0 helmet
rElec   +          Harm     .   r - +0 cloak
rCorr   .          Rampage  .   (no gloves)
Will    .....                   (no boots)
Stlth   ..........              n - amulet of reflection
HPRegen 0.14/turn               (no ring)
MPRegen 0.10/turn               (no ring)

@: flying
A: sickness immunity, AC +4, negative energy resistance 1, electricity
resistance, torment resistance 1, petrification resistance
a: no special abilities


You were on level 5 of the Dungeon.
You visited 1 branch of the dungeon, and saw 5 of its levels.

You collected 69 gold pieces.

Inventory:

Hand Weapons
 a - a +0 war axe (weapon)
Armour
 c - a +0 buckler (worn)
 k - a +0 helmet (worn)
 r - a +0 cloak (worn)
 t - a +0 chain mail (worn)
Jewellery
 n - an amulet of reflection (around neck)
Wands
 m - a wand of polymorph (3)
 q - a wand of digging (4)
Scrolls
 b - a scroll of enchant armour {unknown}
 g - a scroll of summoning {unknown}
 i - 6 scrolls of identify {unknown}
 j - 2 scrolls of enchant weapon {unknown}
 l - 2 scrolls of teleportation {unknown}
 o - a scroll of amnesia {unknown}
Potions
 e - a potion of ambrosia {unknown}
 f - a potion of brilliance {unknown}
 h - a potion of flight
 s - a potion of invisibility {unknown}


   Skills:
 + Level 5.2 Fighting
 * Level 5.0 Axes
 + Level 5.2 Armour
 + Level 5.1 Shields


You had 6 spell levels left.
You didn't know any spells.
Your spell library contained the following spells:

 Spells                   Type           Power      Damage    Failure   Level
 Freeze                   Ice            0%         1d3       99%         1
 Frozen Ramparts          Ice            0%         1d2       100%        3
 Hailstorm                Conj/Ice       0%         3d3       100%        4


Dungeon Overview and Level Annotations

Branches:
Dungeon (6/15)
 Temple: D:4-7

Altars:
Dithmenos
Fedhas
Kikubaaqudgha
Vehumet

Shops:
D:5 [


Innate Abilities, Weirdness & Mutations

You are immune to sickness and miasma.
Your stone body is resilient. (AC +4)
You are immune to poison.
You resist negative energy. (rN+)
You are resistant to electric shocks. (rElec)
You are resistant to unholy torment.
You are immune to petrification.


Message History

Beogh smites you! The orc priest closely misses you.
You hit the orc priest.
The orc priest is heavily wounded.
You slash the orc!
You kill the orc!
You hit the orc priest. You slash the orc wizard!
You block the orc wizard's attack.
The orc priest calls upon Beogh to heal the orc wizard.
The orc wizard is healed somewhat.
The orc priest calls down the wrath of Beogh upon you.
Beogh smites you!
* * * LOW HITPOINT WARNING * * *
You block the orc wizard's attack. You block the orc priest's attack.
You closely miss the orc priest.
The orc priest is almost dead.
You hit the orc wizard.
You hit the orc priest but do no damage.
You hit the iguana. You block the iguana's attack.
The orc wizard hits you but does no damage.
The orc priest hits you with a +0 falchion.
* * * LOW HITPOINT WARNING * * *
You slash the orc priest!
You kill the orc priest!
You hit the iguana. You slash the orc priest!
You kill the orc priest!
You slash the orc wizard!
You kill the orc wizard!
You closely miss the orc. You block the orc's attack.
The iguana bites you but does no damage.
The orc hits you but does no damage. The iguana bites you.
* * * LOW HITPOINT WARNING * * *
Your Axes skill increases to level 5!
It was a potion of flight.
You feel very buoyant.
You fly up into the air.
The iguana barely misses you. The orc hits you but does no damage.
You closely miss the iguana.
The iguana is moderately wounded.
You hit the orc. The orc hits you but does no damage. The iguana bites you!
You die...

. ...# ##...## # ######
.###..# #.....# .
......# ..##.######..##.
..$..(.##.##..###∩#....:
....>...#.#...###'#.....
........#...#.....#...#.
.....$..#....#..###..###
......)o#>.......#...#
......)@)..#...#.#..##
......l#######.#..)..#
....... #.#...).#
....... #.#.##...#
....... #...##.....
......> #........#.#
.(..... #..#...#..#..
....... .......##..##.
.#####.....# .


You could see an iguana and an orc.

Vanquished Creatures
  Sigmund (D:1)
  Duvessa (D:5)
  A scorpion (D:5)
  Dowan (D:5)
  2 orc priests (D:5)
  A hound (D:5)
  Jessica (D:2)
  Terence (D:1)
  An iguana (D:2)
  An orc wizard (D:5)
  Robin (D:1)
  4 gnolls (D:3)
  5 adders
  A worm (D:3)
  3 dart slugs (D:1)
  3 orcs
  6 ball pythons
  8 bats
  5 endoplasms
  A giant cockroach (D:3)
  12 goblins
  10 hobgoblins
  3 jackals (D:3)
  6 frilled lizards
  3 kobolds
  4 rats
86 creatures vanquished.

Notes
Turn   | Place    | Note
-------+----------+-------------------------------------------
     0 | D:1      | sanboga the Gargoyle Fighter began the quest for the Orb.
     0 | D:1      | Reached XP level 1. HP: 14/14 MP: 1/1
     2 | D:1      | Noticed a demigod
     2 | D:1      | Noticed an elf
     4 | D:1      | Noticed a spriggan
     4 | D:1      | Noticed a human
     6 | D:1      | Noticed an ogre
     8 | D:1      | Noticed a naga
     8 | D:1      | Noticed a merfolk
    10 | D:1      | Noticed a felid
    12 | D:1      | Noticed a gargoyle
    12 | D:1      | Noticed a draconian
    14 | D:1      | Noticed a dwarf
    16 | D:1      | Noticed a demonspawn
    16 | D:1      | Noticed a vampire
    18 | D:1      | Noticed an octopode
    20 | D:1      | Noticed a vine stalker
    20 | D:1      | Noticed a troll
    22 | D:1      | Noticed a formicid
    22 | D:1      | Noticed a tengu
    24 | D:1      | Noticed a ghoul
    24 | D:1      | Noticed a minotaur
   259 | D:1      | Reached XP level 2. HP: 7/19 MP: 2/2
  1077 | D:1      | Reached XP level 3. HP: 23/23 MP: 3/3
  1386 | D:2      | Noticed Terence
  1392 | D:2      | Noticed Sigmund
  1395 | D:1      | Killed Terence
  1661 | D:1      | Reached XP level 4. HP: 9/29 MP: 4/4
  1896 | D:1      | Killed Sigmund
  1897 | D:1      | Reached XP level 5. HP: 20/33 MP: 5/5
  2013 | D:2      | Noticed Robin
  2020 | D:2      | Reached XP level 6. HP: 28/38 MP: 6/6
  2029 | D:1      | Killed Robin
  2273 | D:2      | Noticed Jessica
  2276 | D:2      | Found a shadowy altar of Dithmenos.
  2278 | D:2      | Killed Jessica
  2417 | D:2      | Found a faded altar of an unknown god.
  3248 | D:3      | Found an ancient bone altar of Kikubaaqudgha.
  3249 | D:3      | Found a radiant altar of Vehumet.
  3249 | D:3      | Found a blossoming altar of Fedhas.
  3369 | D:3      | You fall into a shaft and drop 3 floors!
  3447 | D:5      | Entered Level 5 of the Dungeon
  3449 | D:5      | Found Beneonn's Antique Armour Shop.
  3467 | D:5      | Reached XP level 7. HP: 32/44 MP: 7/7
  3561 | D:5      | Noticed Dowan
  3562 | D:5      | Noticed Duvessa
  3572 | D:5      | Killed Duvessa
  3573 | D:5      | Reached skill level 5 in Fighting
  3573 | D:5      | Reached skill level 5 in Armour
  3573 | D:5      | Reached skill level 5 in Shields
  3576 | D:5      | Killed Dowan
  3902 | D:5      | Reached skill level 5 in Axes
  3903 | D:5      | Slain by an iguana

Illustrated notes

Levels and vault maps discovered:
D:1:      kb_arrival_jail, layout_loops_corners, wad_floor_pattern_2
D:2:      layout_rooms, basic_altar, hellmonk_ecumenical_altar_arch_garden,
          uniq_terence, uniq_jessica, uniq_robin, uniq_sigmund
D:3:      layout_loops_corners, chequers_temple_overflow_statue_of_worship,
          grunt_decor_resistance, kennysheep_generic_room_7
D:5:      layout_rooms, mainiacjoe_overflow_boulevard, serial_shops,
          nicolae_shop_window_shopping, minmay_tree_intersection, uniq_duvessa
D:6:      layout_gridville, worldfamousw_hep_ancestral_shrine,
          minmay_temple_entry_waves, kennysheep_generic_room_6

Skill      XL: |  1  2  3  4  5  6  7 |
---------------+----------------------+-----
Axes           | 2 3 4 5 |  5.0
Fighting       | 4 5 |  5.2
Armour         | 4 5 |  5.2
Shields        | 4 5 |  5.1

Action                   |  1- 3 |  4- 6 |  7- 9 || total
-------------------------+-------+-------+-------++-------
Melee: War axe           |    71 |   153 |    20 ||   244
  Use: Potion            |       |       |     3 ||     3
Armor: Scale mail        |    64 |    86 |       ||   150
       Chain mail        |       |    14 |    14 ||    28
Dodge: Dodged            |    39 |    65 |     7 ||   111
Block: Buckler           |    15 |    53 |    15 ||    83
       Reflection        |       |     1 |     1 ||     2
